 Dungeon Crawl Stone Soup version 0.18.1-5-g4a78601 (webtiles) character file.

1281 utilitatopbooker the Shield-Bearer (level 8, -3/68 HPs)
             Began as a Minotaur Fighter on May 9, 2016.
             Slain by an orc warrior
             ... wielding a +0 long sword
              (11 damage)
             ... on level 7 of the Dungeon.
             The game lasted 00:24:04 (4600 turns).

utilitatopbooker the Shield-Bearer (MiFi)           Turns: 4600, Time: 00:24:05

Health: -3/68      AC: 11    Str: 21    XL:     8   Next: 29%
Magic:  7/7        EV: 10    Int:  6    God:
Gold:   286        SH: 11    Dex: 11    Spells: 0 memorised, 7 levels left

rFire  . . .     SeeInvis .     a - +3 war axe
rCold  . . .     Gourm    .     b - +0 scale mail
rNeg   . . .     Faith    .     c - +0 shield
rPois  .         Spirit   .     (helmet restricted)
rElec  .         Dismiss  .     (no cloak)
rCorr  +         Reflect  .     v - +2 pair of gloves
SustAt .         Harm     .     (no boots)
MR     .....                    s - amulet of regeneration
Stlth  ..........               (no ring)
                                m - ring of resist corrosion

@: slowed, very slow, not resistant to hostile enchantments, extremely
unstealthy
A: retaliatory headbutt, horns 2
a: no special abilities


You were on level 7 of the Dungeon.
You were not hungry.

You visited 1 branch of the dungeon, and saw 7 of its levels.

You collected 286 gold pieces.

Inventory:

Hand Weapons
 a - a +3 war axe (weapon)
Armour
 b - a +0 scale mail (worn)
 c - a +0 shield (worn)
 v - a +2 pair of gloves (worn)
Jewellery
 m - a ring of resist corrosion (left hand)
 s - an amulet of regeneration (around neck)
 D - an uncursed amulet of dismissal {unknown}
 E - an uncursed ring of flight {unknown}
Wands
 o - a wand of digging (15/24)
 B - a wand of heal wounds (4/9)
Scrolls
 h - a scroll of recharging
 i - 5 scrolls of identify {unknown}
 p - a scroll of random uselessness {unknown}
 r - 2 scrolls of remove curse {unknown}
 t - a scroll of fog {unknown}
 u - a scroll of blinking {unknown}
 w - a scroll of teleportation {unknown}
 y - a scroll of enchant armour {unknown}
 A - a scroll of noise {unknown}
 F - a scroll of fear {unknown}
Potions
 d - 3 potions of might
 e - a potion of cure mutation {unknown}
 g - a potion of cancellation {unknown}
 j - a potion of magic {unknown}
 k - 3 potions of brilliance {unknown}
 l - 3 potions of curing {unknown}
 n - a potion of degeneration {unknown}
 q - 3 potions of flight {unknown}
 x - 2 potions of agility {unknown}
 z - a potion of lignification {unknown}


   Skills:
 + Level 5.3 Fighting
 + Level 4.3 Axes
 + Level 6.7 Armour
 + Level 5.3 Dodging
 + Level 0.5 Stealth
 + Level 7.6 Shields


You had 7 spell levels left.
You didn't know any spells.

Dungeon Overview and Level Annotations

Branches:
Dungeon (7/15)
 Temple: D:4-7

Altars:
Elyvilon
Fedhas
Kikubaaqudgha
Makhleb
Okawaru
Pakellas
Ru
Trog
Vehumet
Xom

Shops:
D:4 =


Innate Abilities, Weirdness & Mutations

You reflexively headbutt those who attack you in melee.
You have a pair of horns on your head.


Message History

A puff of flame appears from out of thin air!
The puff of flame misses you.
You hit the withered plant but do no damage.
You headbutt the withered plant.
The withered plant is severely damaged.
You slash the withered plant!
The withered plant is heavily damaged.
You closely miss the wraith.
The wraith is severely damaged.
You hit the orc warrior.
The orc warrior is heavily wounded.
You slash something! You hit the orc.
The orc is almost dead.
You block the wraith's attack. The orc closely misses you.
The orc warrior hits you with a long sword.
* * * LOW HITPOINT WARNING * * *
Something hits you but does no damage. You block the wraith's attack.
The orc hits you but does no damage.
The orc warrior hits you with a long sword!
You die...

..## .... #P..#
..... ..## ....##
#._.####o.... ...#
......##...#......##
...#
<.....#P..##.......#
...# ......#P.P#..#
... ...#
#...#........# ...#
...#
#............##....
...#
.....#Wo.#.[.......
...# ....
#@{.#......... ...#
... #PPo##....#...#
...#
#...#._.#.....#####
...#
##...#PPP#.....#
...#
#....#####.....#
...# ..............#
...# .............#
...# ...##.......##
.(.#
####'##.......##


You could see a wraith, an orc warrior and an orc.

Vanquished Creatures
  A hungry ghost (D:7)
  An ice beast (D:5)
  A sky beast (D:7)
  A phantom (D:7)
  Blork the orc (D:6)
  2 giant frogs
  A howler monkey (D:6)
  A crimson imp (D:6)
  2 centaur zombies (D:7)
  An orc priest (D:7)
  2 hounds
  2 centaur skeletons
  A giant frog skeleton (D:5)
  2 orc wizards
  An iguana (D:4)
  Ijyb (D:2)
  2 worker ants
  A howler monkey zombie (D:6)
  Robin (D:2)
  A howler monkey skeleton (D:6)
  A gnoll (D:1)
  6 adders
  2 oozes
  An adder skeleton (D:7)
  3 worms
  3 giant geckos
  14 orcs
  A giant cockroach (D:2)
  7 goblins
  8 hobgoblins
  10 jackals
  A quokka (D:2)
  7 bats
  A giant gecko skeleton (D:5)
  5 giant newts
  A jackal skeleton (D:4)
  5 kobolds
  13 rats
115 creatures vanquished.

Vanquished Creatures (others)
  A withered plant (D:7)
1 creature vanquished.

Grand Total: 116 creatures vanquished

Notes
Turn   | Place    | Note
--------------------------------------------------------------
     0 | D:1      | utilitatopbooker the Minotaur Fighter began the quest for the Orb.
     0 | D:1      | Reached XP level 1. HP: 19/19 MP: 0/0
   192 | D:1      | Reached skill level 4 in Shields
   347 | D:1      | Reached XP level 2. HP: 23/27 MP: 1/1
   573 | D:1      | Reached XP level 3. HP: 25/33 MP: 2/2
   713 | D:3      | Found an iron altar of Okawaru.
   881 | D:3      | Found a white marble altar of Elyvilon.
   893 | D:3      | Found a bloodstained altar of Trog.
   895 | D:3      | Found a burning altar of Makhleb.
   905 | D:3      | Found an iron altar of Okawaru.
   905 | D:3      | Found a sacrificial altar of Ru.
   912 | D:3      | Found a radiant altar of Vehumet.
  1130 | D:3      | Reached skill level 1 in Dodging
  1677 | D:2      | Noticed Ijyb
  1716 | D:2      | Killed Ijyb
  1716 | D:2      | Reached XP level 4. HP: 36/40 MP: 3/3
  1839 | D:2      | Noticed Robin
  1866 | D:2      | Killed Robin
  2144 | D:2      | Reached skill level 5 in Shields
  2211 | D:2      | Reached XP level 5. HP: 46/46 MP: 4/4
  3198 | D:4      | Reached skill level 5 in Armour
  3331 | D:4      | Reached XP level 6. HP: 43/53 MP: 5/5
  3354 | D:4      | Found Daklel's Jewellery Boutique.
  3521 | D:5      | Entered Level 5 of the Dungeon
  3570 | D:5      | Found a shimmering altar of Xom.
  3570 | D:5      | Found an oddly glowing altar of Pakellas.
  3714 | D:5      | Noticed an ice beast
  3727 | D:5      | Killed an ice beast
  3791 | D:6      | Noticed Blork the orc
  3798 | D:6      | Killed Blork the orc
  3798 | D:6      | Reached skill level 6 in Shields
  3798 | D:6      | Reached XP level 7. HP: 60/60 MP: 6/6
  4265 | D:7      | Reached skill level 5 in Fighting
  4278 | D:7      | Noticed a hungry ghost
  4328 | D:7      | Reached skill level 7 in Shields
  4370 | D:7      | Killed a hungry ghost
  4370 | D:7      | Reached XP level 8. HP: 66/68 MP: 7/7
  4491 | D:7      | Reached skill level 5 in Dodging
  4568 | D:7      | Found a blossoming altar of Fedhas.
  4572 | D:7      | Found an ancient bone altar of Kikubaaqudgha.
  4600 | D:7      | Slain by an orc warrior

Skill      XL: |  1  2  3  4  5  6  7  8 |
---------------+-------------------------+-----
Shields        | 4 5 6 7 |  7.6
Fighting       | 4 5 |  5.3
Armour         | 4 5 6 |  6.7
Dodging        | 1 2 3 4 5 |  5.3
Axes           | 3 4 |  4.3
Stealth        | |  0.5

Action                   |  1- 3 |  4- 6 |  7- 9 || total
-------------------------+-------+-------+-------++-------
Melee: War axe           |    68 |   110 |    95 ||   273
       Headbutt          |     9 |    17 |    16 ||    42
  Use: Scroll            |     4 |       |       ||     4
  Eat: Meat ration       |     1 |       |       ||     1
       Pizza             |       |     1 |       ||     1
       Bread ration      |       |     1 |     1 ||     2
       Fruit             |       |       |     3 ||     3
Armor: Scale mail        |    56 |   110 |   106 ||   272
Dodge: Dodged            |    55 |    87 |    88 ||   230
Block: Shield            |    84 |   129 |   133 ||   346
